 Dungeon Crawl Stone Soup version 0.23-a0-358-g98c7a59 (webtiles) character file.

9 Cryolive the Digger (level 2, 0/15 HPs)
             Began as a Gargoyle Earth Elementalist on Oct 22, 2018.
             Slain by a hobgoblin (1 damage)
             ... on level 1 of the Dungeon.
             The game lasted 00:01:36 (197 turns).

Cryolive the Digger (Gargoyle Earth Elementalist)    Turns: 197, Time: 00:01:37

Health: 0/15       AC:  4    Str: 11    XL:     2   Next: 16%
Magic:  5/5        EV: 12    Int: 15    God:
Gold:   0          SH:  0    Dex: 10    Spells: 4/5 levels left

rFire    . . .     SeeInvis .   e - +0 club
rCold    . . .     Gourm    .   (no shield)
rNeg     + . .     Faith    .   c - +0 robe
rPois    ∞         Spirit   .   (no helmet)
rElec    +         Reflect  .   (no cloak)
rCorr    .         Harm     .   (no gloves)
MR       .....                  (no boots)
Stlth    ++........             (no amulet)
HPRegen  0.05/turn              (no ring)
MPRegen  0.09/turn              (no ring)

@: no status effects
A: negative energy resistance 1, electricity resistance, unbreathing,
petrification resistance, rot immunity, AC +2
a: no special abilities


You were on level 1 of the Dungeon.
You were not hungry.

You visited 1 branch of the dungeon, and saw 1 of its levels.

Inventory:

Hand Weapons
 e - a +0 club (weapon)
Missiles
 b - 52 stones (quivered)
Armour
 c - a +0 robe (worn)
Scrolls
 a - 2 scrolls of identify {unknown}
 f - a scroll of enchant armour {unknown}
 g - a scroll of immolation {unknown}
Potions
 h - a potion of resistance {unknown}
 i - a potion of curing {unknown}
Comestibles
 d - 2 rations


   Skills:
 - Level 1.5 Dodging
 - Level 2.1 Stealth
 + Level 2.3 Spellcasting
   Level 0.7 Transmutations
 + Level 4.0 Earth Magic


You had 4 spell levels left.
You knew the following spells:

 Your Spells              Type           Power        Failure   Level  Hunger
a - Sandblast             Erth           ##....       4%          1    #......

Your spell library contained the following spells:

 Spells                   Type           Power        Failure   Level  Hunger
 Passwall                 Tmut/Erth      #.......     12%         2    ###....
 Stone Arrow              Conj/Erth      #.....       28%         3    ###....
 Petrify                  Tmut/Erth      #.......     63%         4    #####..
 Lee's Rapid Deconstruct  Erth           ##........   75%         5    ######.


Dungeon Overview and Level Annotations

Branches:
Dungeon (1/15)

Altars:


Innate Abilities, Weirdness & Mutations

You are resistant to torment.
Your stone body is resilient. (AC +2)
You are immune to poison.
You resist negative energy. (rN+)
You are resistant to electric shocks. (rElec)
You can survive without breathing.
You are immune to petrification.
You are immune to rotting.


Message History

Ye barely miss tha giant cockroach.
Tha bat hits ye but does nay damage.
Tha giant cockroach bites ye.
* * * LOW HITPOINT WARNIN'
* * * Tha hobgoblin closely misses ye.
Tha giant cockroach barely misses ye.
Ye closely miss tha giant cockroach.
Tha hobgoblin misses ye.
Tha giant cockroach barely misses ye.
Tha hobgoblin closely misses ye.
Ye closely miss tha giant cockroach.
Tha giant cockroach barely misses ye.
Tha hobgoblin hits ye.
* * * LOW HITPOINT WARNIN'
* * * Tha giant cockroach misses ye.
Ye hit tha giant cockroach.
Tha giant cockroach be severely wounded.
Tha giant cockroach bites ye but does nay damage.
Tha hobgoblin closely misses ye.
Tha giant cockroach bites ye.
* * * LOW HITPOINT WARNIN'
* * * Ye closely miss tha giant cockroach.
Tha giant cockroach be severely wounded.
Tha hobgoblin barely misses ye.
Tha giant cockroach misses ye.
Tha hobgoblin hits ye.
Ye die...

#......# ##...!. #.######
##.......# #.##
###.....#..# ...#
#.......#... ...#
#.#.....##.####### .†.#
#........#.[......
†..#####†....#..#........
.....†.#.........g.......
................@sb.....)
.......##.####..##.......
...######.......# .......
...# ######.## ...$...
...# #.# ####### ...# #.#
#.## #.# #..


You could see a giant cockroach, a hobgoblin and a bat.

Vanquished Creatures
  3 giant cockroaches (D:1)
  A goblin (D:1)
  2 hobgoblins (D:1)
  A bat (D:1)
  A rat (D:1)
8 creatures vanquished.

Notes
Turn   | Place    | Note
-------+----------+-------------------------------------------
     0 | D:1      | Cryolive the Gargoyle Earth Elementalist began the quest
                  | for the Orb.
     0 | D:1      | Reached XP level 1. HP: 10/10 MP: 3/3
   131 | D:1      | Reached XP level 2. HP: 10/15 MP: 5/5
   139 | D:1      | Reached skill level 4 in Earth Magic
   197 | D:1      | Slain by a hobgoblin

Vault maps used:
D:1:      minmay_arrival_diagonal_passages

Skill      XL: |  1  2 |
---------------+-------+-----
Earth Magic    | 4 |  4.0
Dodging        | |  1.5
Stealth        | |  2.1
Spellcasting   | |  2.3
Transmutations | |  0.7

Action                   || total
-------------------------++-------
Melee: Club              ||    28
 Cast: Sandblast         ||     5
Armor: Robe              ||    12
Dodge: Dodged            ||    33

Table legend:
 A = Non-vault XP
 B = Vault XP
 C = Vault XP percentage of total XP
 D = Non-vault monster count
 E = Vault monster count
 F = Vault count percentage of total count
                 A         B        C        D         E       F
            +---------+---------+-------+---------+---------+-------
      Total |      14 |       0 |   0.0 |       8 |       0 |   0.0
            +---------+---------+-------+---------+---------+-------
        D:1 |      14 |       0 |   0.0 |       8 |       0 |   0.0
            +---------+---------+-------+---------+---------+-------
